 Dungeon Crawl Stone Soup version 0.21.1-1-g345015f (webtiles) character file.

639 Solrac the Shield-Bearer (level 7, -3/56 HPs)
             Began as a Formicid Fighter on Mar 22, 2018.
             Was an Initiate of the Shining One.
             Slain by Duvessa
             ... wielding a +0 short sword
              (5 damage)
             ... on level 5 of the Dungeon.
             The game lasted 00:17:07 (4750 turns).

Solrac the Shield-Bearer (Formicid Fighter)         Turns: 4750, Time: 00:17:07

Health: -3/56      AC: 10    Str: 20    XL:     7   Next: 80%
Magic:  7/7        EV:  8    Int:  8    God:    the Shining One [......]
Gold:   164        SH: 10    Dex: 12    Spells: 6/6 levels left

rFire    . . .     SeeInvis +   a - +0 flail
rCold    . . .     Gourm    .   c - +0 shield
rNeg     . . .     Faith    .   b - +0 scale mail
rPois    .         Spirit   .   (helmet unavailable)
rElec    .         Reflect  .   A - +2 cloak
rCorr    .         Harm     .   (no gloves)
MR       .....                  (no boots)
Stlth    ..........             (no amulet)
HPRegen  0.18/turn              (no ring)
MPRegen  0.10/turn              (no ring)

@: glowing
A: permanent stasis, dig shafts and tunnels, four strong arms, antennae 3
a: Dig, Shaft Self, Renounce Religion


You were on level 5 of the Dungeon.
You worshipped the Shining One.
The Shining One was noncommittal.
You were not hungry.

You visited 2 branches of the dungeon, and saw 6 of its levels.

You collected 164 gold pieces.

Inventory:

Hand Weapons
 a - a +0 flail (weapon)
Missiles
 e - 128 stones (quivered)
Armour
 b - a +0 scale mail (worn)
 c - a +0 shield (worn)
 A - a +2 cloak (worn)
Wands
 n - a wand of enslavement (12)
 p - a wand of digging (10)
 v - a wand of random effects (29)
 x - a wand of polymorph (16)
Scrolls
 g - 3 scrolls of teleportation {unknown}
 h - 5 scrolls of remove curse {unknown}
 m - a scroll of identify {unknown}
 q - a scroll of enchant armour {unknown}
 r - a scroll of immolation {unknown}
 u - a scroll of enchant weapon {unknown}
 w - a scroll of fog {unknown}
 y - 2 scrolls of amnesia {unknown}
Potions
 d - a potion of might
 i - 4 potions of curing {unknown}
 j - 3 potions of degeneration {unknown}
 k - 2 potions of ambrosia {unknown}
 l - a potion of mutation {unknown}
 o - a potion of flight {unknown}
 s - a potion of resistance {unknown}
 t - a potion of haste {unknown}
 z - 2 potions of brilliance {unknown}
 B - a potion of agility {unknown}
 C - 2 potions of invisibility {unknown}
 E - 2 potions of heal wounds {unknown}
Comestibles
 f - 10 rations


   Skills:
 + Level 5.0 Fighting
 * Level 5.3 Maces & Flails
 + Level 5.1 Armour
 + Level 5.5 Shields


You had 6 spell levels left.
You didn't know any spells.

Dungeon Overview and Level Annotations

Branches:
Dungeon (5/15)             Temple (1/1) D:5

Altars:
Ashenzari
Cheibriados
Dithmenos
Elyvilon
Fedhas
Gozag
Hepliaklqana
Kikubaaqudgha
Makhleb
Nemelex Xobeh
Okawaru
Qazlal
Ru
Sif Muna
Trog
Uskayaw
Vehumet
Wu Jian
Yredelemnul
Zin
The Shining One

Annotations:
D:5 Dowan; Duvessa; Prince Ribbit; manyhoops's ghost, novice GnWn


Innate Abilities, Weirdness & Mutations

You cannot be hasted, slowed, berserked, paralysed or teleported.
You can dig through walls and to a lower floor.
Your four strong arms can wield two-handed weapons with a shield.
You have a pair of large antennae on your head. (SInv)


Message History

Duvessa is heavily wounded.
You block Duvessa's attack.
Prince Ribbit hits you but does no damage.
Duvessa hits you with a short sword.
* * * LOW HITPOINT WARNING * * *
You sock Duvessa!
Duvessa is severely wounded.
Prince Ribbit completely misses you.
Duvessa says, "My weaknesses are his strengths!"
Duvessa hits you but does no damage. You block Prince Ribbit's attack.
You block Duvessa's attack.
Your shield and scale mail prevent you from hitting Prince Ribbit.
You block Prince Ribbit's attack. Duvessa hits you but does no damage.
Prince Ribbit hits you.
* * * LOW HITPOINT WARNING * * *
You block Duvessa's attack.
You hit Duvessa but do no damage.
Duvessa is severely wounded.
You block Prince Ribbit's attack. Duvessa hits you with a short sword.
You die...

#.# #.# # #.# #.# # #.# #.# #
######.##################.#######
.................................
.................................
.......##.########.#####..#######
.##.##.##......###.#####..#######
>..............F@ee..............
.##.##.##......###...............
.##.##.##......###.#####..#......
.##.......................#.#####
.##.##.##.#..##.##.......{.....##
.##.##.........................#
.##.#####.#..##.##.######.#.####
.##.................. #......#
.##..###..#...#.##.### #.#.####


You could see Prince Ribbit, Duvessa and Dowan.

Vanquished Creatures
  Purgy (D:3)
  An ice beast (D:3)
  A sky beast (D:5)
  A howler monkey (D:4)
  A hound (D:4)
  An orc priest (D:4)
  Jessica (D:2)
  Ijyb (D:3)
  3 orc wizards
  A worker ant (D:4)
  2 adders (D:2)
  2 adder skeletons (D:5)
  4 worms
  3 dart slugs
  3 leopard geckos
  6 orcs
  5 giant cockroaches
  6 goblins
  5 hobgoblins
  2 jackals (D:3)
  A quokka (D:3)
  2 ball pythons (D:3)
  11 bats
  A frilled lizard (D:1)
  7 kobolds
  A leopard gecko skeleton (D:5)
  10 rats
83 creatures vanquished.

Notes
Turn   | Place    | Note
-------+----------+-------------------------------------------
     0 | D:1      | Solrac the Formicid Fighter began the quest for the Orb.
     0 | D:1      | Reached XP level 1. HP: 18/18 MP: 1/1
   139 | D:1      | Reached XP level 2. HP: 19/24 MP: 2/2
   468 | D:1      | Reached XP level 3. HP: 19/29 MP: 3/3
  1273 | D:2      | Noticed Jessica
  1275 | D:2      | Killed Jessica
  1275 | D:2      | Reached XP level 4. HP: 37/37 MP: 4/4
  1769 | D:3      | Noticed an ice beast
  1782 | D:3      | Killed an ice beast
  1782 | D:3      | Reached XP level 5. HP: 22/42 MP: 5/5
  2049 | D:3      | Noticed Ijyb
  2067 | D:3      | Killed Ijyb
  2067 | D:3      | Reached XP level 6. HP: 46/48 MP: 6/6
  2520 | D:3      | Noticed Purgy
  2529 | D:3      | Killed Purgy
  2721 | D:4      | Reached skill level 5 in Shields
  2727 | D:4      | Reached XP level 7. HP: 25/55 MP: 7/7
  3187 | D:4      | Reached skill level 5 in Maces & Flails
  3401 | D:5      | Entered Level 5 of the Dungeon
  3431 | D:5      | Found a staircase to the Ecumenical Temple.
  3443 | Temple   | Entered the Ecumenical Temple
  3459 | Temple   | Became a worshipper of the Shining One
  3924 | D:5      | Noticed manyhoops's ghost (novice GnWn)
  4483 | D:5      | Reached skill level 5 in Fighting
  4483 | D:5      | Reached skill level 5 in Armour
  4710 | D:5      | Noticed Prince Ribbit
  4711 | D:5      | Noticed Duvessa
  4735 | D:5      | Noticed Dowan
  4749 | D:5      | HP: 2/56 [Prince Ribbit (2)]
  4750 | D:5      | Slain by Duvessa

Skill      XL: |  1  2  3  4  5  6  7 |
---------------+----------------------+-----
Shields        | 4 5 |  5.5
Maces & Flails | 3 4 5 |  5.3
Fighting       | 4 5 |  5.0
Armour         | 4 5 |  5.1

Action                   |  1- 3 |  4- 6 |  7- 9 || total
-------------------------+-------+-------+-------++-------
Melee: Flail             |   117 |   162 |   154 ||   433
 Abil: Dig               |       |     2 |       ||     2
  Eat: Chunk             |     1 |     5 |     4 ||    10
       Ration            |       |       |     1 ||     1
Armor: Scale mail        |    60 |    66 |    47 ||   173
Dodge: Dodged            |    54 |    53 |    42 ||   149
Block: Shield            |    78 |    91 |    77 ||   246
